[Event "EYCC Girls U14 2018"]
[Site "Riga"]
[Date "2018.08.22"]
[Round "3"]
[White "Kirchei, Viktoriia"]
[Black "Tikhonova, Alesia"]
[Result "1-0"]
[ECO "C92"]
[WhiteElo "1987"]
[BlackElo "1792"]
[Annotator "NA"]
[PlyCount "75"]
[EventDate "2018.08.20"]
[EventType "swiss"]
[EventCountry "LAT"]
[SourceTitle "playchess.com"]
[Source "ChessBase"]
[SourceQuality "1"]
[TimeControl "40/5400+30:1800+30"]

1. e4 e5 2. Nf3 Nc6 3. Bb5 a6 4. Ba4 Nf6 5. O-O Be7 6. Re1 b5 7. Bb3 d6 8. c3 O-O 9. h3 Bb7 10. d4 Re8 11. Nbd2 h6 12. Nf1 Bf8 13. Ng3 Na5 14. Bc2 $1 c5 {[%emt 0:00:40] LiveBook: 24 Games} 15. d5 g6 $16 16. Nh2 Bg7 17. Bd3 c4 18. Be2 Qc7 19. Be3 Bc8 20. Ng4 Bxg4 21. hxg4 Nb7 22. f3 Rac8 23. Kf2 a5 24. Qd2 g5 25. Rh1 Nc5 26. Qc2 Qb6 27. Nf5 Kh7 28. Kf1 Kg6 29. Qd2 Bf8 30. Bd1 Ng8 31. g3 Ne7 32. Bc2 Nxf5 33. gxf5+ Kf6 34. Re1 b4 35. Ba4 Re7 36. Rh5 Qb7 37. Bxg5+ Kg7 38. Bxh6+ 1-0

[Event "EYCC Girls U14 2018"]
[Site "Riga"]
[Date "2018.08.22"]
[Round "3"]
[White "Kuhar, Larisa"]
[Black "Stepanyan, Eva"]
[Result "1-0"]
[ECO "B18"]
[WhiteElo "1877"]
[BlackElo "2101"]
[Annotator "NA"]
[PlyCount "121"]
[EventDate "2018.08.20"]
[EventType "swiss"]
[EventCountry "LAT"]
[SourceTitle "playchess.com"]
[Source "ChessBase"]
[SourceQuality "1"]
[TimeControl "40/5400+30:1800+30"]

1. e4 c6 2. d4 d5 3. Nc3 dxe4 4. Nxe4 Bf5 5. Ng3 Bg6 6. Bc4 e6 7. N1e2 Bd6 8. Nf4 Nf6 9. c3 Nbd7 {[%emt 0:00:17] B18: Classical Caro-Kann: 4...Bf5 sidelines} (9... Qc7 10. Qf3 Nbd7 11. h4 c5 12. dxc5 Qxc5 13. Qe2 Rc8 14. Bb3 Qc7 15. h5 Bxf4 16. Bxf4 Qxf4 17. hxg6 {½-½ (77) Harikrishna,P (2753)-Navara,D (2734) Huaian 2016}) 10. Qf3 O-O 11. Nxg6 hxg6 12. Bb3 $146 ({Predecessor:} 12. Be3 Qa5 13. O-O e5 14. Ne4 Nxe4 15. Qxe4 exd4 16. Qxd4 Qe5 17. Qxe5 Nxe5 {½-½ (50) Zelcic,R (2534)-Schachinger,M (2439) Zadar 2014}) 12... Qc7 13. Bg5 c5 14. dxc5 Bxc5 15. O-O Nh7 16. Bd2 Bd6 17. Rad1 Nc5 18. Bc2 Rad8 19. b4 Nd7 20. Bb3 $11 Ne5 21. Qe2 Nc6 22. Rfe1 Kh8 23. a3 e5 24. Ne4 Be7 25. Qc4 Qb8 26. Nc5 b6 27. Ne6 fxe6 28. Qxc6 Rf6 29. h4 Rdf8 30. Bg5 Nxg5 31. hxg5 Rxf2 32. Qxe6 Bxg5 33. Qxg6 Bh6 34. Bc2 Rxc2 35. Qxc2 Qe8 36. Qe4 Bf4 37. Rd3 Qf7 38. Rh3+ Bh6 39. Rf3 Bf4 40. g3 Qh5 41. gxf4 Rf5 42. Rg3 Qh4 43. Qh1 Qxh1+ 44. Kxh1 exf4 45. Rf3 g5 46. Ref1 Kg7 47. Kg2 Kg6 48. Rh3 Rd5 49. Rh8 Kf5 50. Rf8+ Kg4 51. Rg1 b5 52. Kf2+ Kh5 53. Rh8+ Kg6 54. Kf3 Rd3+ 55. Ke4 Rxc3 56. Rg8+ Kf7 57. R8xg5 Rxa3 58. Rxb5 Rb3 59. Kf5 a5 60. Rb7+ Kf8 61. Ke4 1-0

[Event "EYCC Girls U14 2018"]
[Site "Riga"]
[Date "2018.08.22"]
[Round "3"]
[White "Sleurs, Juliette"]
[Black "Mironenko, Galina"]
[Result "1/2-1/2"]
[ECO "B06"]
[WhiteElo "1870"]
[BlackElo "1998"]
[Annotator "NA"]
[PlyCount "87"]
[EventDate "2018.08.20"]
[EventType "swiss"]
[EventCountry "LAT"]
[SourceTitle "playchess.com"]
[Source "ChessBase"]
[SourceQuality "1"]
[TimeControl "40/5400+30:1800+30"]

1. e4 g6 2. d4 Bg7 3. Nc3 d6 4. Nf3 a6 5. h3 b5 6. Bd3 Nd7 7. O-O Bb7 8. a4 b4 $11 9. Ne2 e6 10. Bd2 c5 11. c3 bxc3 12. Bxc3 Ngf6 13. Ng3 O-O 14. b4 cxd4 15. Bxd4 e5 16. Be3 d5 17. exd5 Nxd5 18. Bg5 Qe8 19. Ne4 Qe6 20. Bc4 h6 21. Be7 Qxe7 22. Bxd5 Bxd5 23. Qxd5 Qxb4 24. Rfb1 Qe7 25. Rb7 Nf6 26. Nxf6+ Qxf6 27. Re1 Rfe8 28. a5 Rad8 29. Qe4 Rd6 30. Qa4 Rde6 31. Rb6 Rd8 32. Rxe5 Rxb6 33. axb6 Qxb6 34. Re8+ Rxe8 35. Qxe8+ Bf8 36. Ne5 Qf6 37. Nd7 Qe7 38. Qc8 a5 39. Kf1 a4 40. Qc6 a3 41. Nf6+ Kh8 42. Nd5 a2 43. Qc3+ Bg7 44. Qa5 1/2-1/2

[Event "EYCC Girls U14 2018"]
[Site "Riga"]
[Date "2018.08.22"]
[Round "3"]
[White "Vorobyova, Ekaterina"]
[Black "Wikar, Martyna"]
[Result "0-1"]
[ECO "A53"]
[WhiteElo "1861"]
[BlackElo "1974"]
[Annotator "NA"]
[PlyCount "93"]
[EventDate "2018.08.20"]
[EventType "swiss"]
[EventCountry "LAT"]
[SourceTitle "playchess.com"]
[Source "ChessBase"]
[SourceQuality "1"]
[TimeControl "40/5400+30:1800+30"]

1. d4 Nf6 2. c4 d6 3. Nc3 Nbd7 4. e4 e5 5. d5 Nc5 6. Bd3 a5 7. Nge2 g6 8. O-O Bg7 9. Bc2 O-O 10. h3 $11 {[%emt 0:05:45] LiveBook: 3 Games} Ne8 11. f4 exf4 12. Bxf4 Qe7 13. Qd2 Nf6 14. Ng3 Nfd7 15. Rae1 Ne5 16. b3 Bd7 17. Nce2 b5 18. cxb5 Bxb5 19. Bg5 f6 20. Be3 a4 21. Bxc5 dxc5 22. Rf2 axb3 23. axb3 Qd6 24. Nc3 Bd7 25. Qe3 Rfb8 26. Qe2 c4 27. bxc4 Ra3 28. Qd2 Nxc4 29. Qd4 f5 30. e5 Bxe5 31. Rxe5 Qxe5 32. Qxe5 Nxe5 33. Nge2 Rb2 34. Bd1 Ra1 35. Rf1 Nc4 36. Kf2 Ra3 37. Kg1 Ne3 38. Re1 Ra1 39. d6 Nxd1 40. Nxd1 Rxe2 41. Rxe2 Rxd1+ 42. Kf2 Rxd6 43. Rc2 Rc6 44. Rd2 Be6 45. g3 Rc3 46. Re2 Kf7 47. h4 0-1

[Event "EYCC Girls U14 2018"]
[Site "Riga"]
[Date "2018.08.22"]
[Round "3"]
[White "Ismayil, Malak"]
[Black "Bondareva, Daria"]
[Result "1/2-1/2"]
[ECO "B01"]
[WhiteElo "1772"]
[BlackElo "1922"]
[Annotator "NA"]
[PlyCount "198"]
[EventDate "2018.08.20"]
[EventType "swiss"]
[EventCountry "LAT"]
[SourceTitle "playchess.com"]
[Source "ChessBase"]
[SourceQuality "1"]
[TimeControl "40/5400+30:1800+30"]

1. e4 d5 2. exd5 Qxd5 3. Nc3 Qa5 4. Bc4 Nf6 5. Nf3 Bg4 6. h3 Bh5 7. g4 Bg6 8. d3 e6 9. Bd2 c6 10. Qe2 Qc7 11. Nd4 Bc5 12. Nf5 O-O $11 13. Ng3 Bd6 14. Rg1 Bf4 15. O-O-O Nd5 16. Bxd5 cxd5 17. Nh5 Bxd2+ 18. Qxd2 Bxh5 19. gxh5 Qe5 20. Rg5 Qf6 21. Rdg1 g6 22. h4 Nc6 23. hxg6 fxg6 24. h5 Ne7 25. R1g2 Qf4 26. hxg6 Qxd2+ 27. Kxd2 hxg6 28. Nb5 Rf6 29. Nd4 Kf7 30. Rh2 Rg8 31. Ke2 a6 32. a4 Nc6 33. Nxc6 bxc6 34. Rh7+ Rg7 35. Rh8 Rg8 36. Rh7+ Rg7 37. Rh8 Rg8 38. Rxg8 Kxg8 39. Rg4 a5 40. b4 axb4 41. Rxb4 Rf7 42. a5 Ra7 43. Ra4 e5 44. a6 Kf7 45. Kf3 g5 46. Kg4 Kg6 47. Ra5 Kf6 48. f3 Kg6 49. c4 Kf6 50. Ra3 e4 51. fxe4 dxe4 52. d4 Kg6 53. Ra5 Kf6 54. Rf5+ Ke6 55. Re5+ Kd6 56. c5+ Kd7 57. Rxe4 Rxa6 58. Kxg5 Ra8 59. Kg6 Rf8 60. Kg5 Rd8 61. Kf4 Rf8+ 62. Ke3 Rf6 63. Kd3 Rh6 64. Rg4 Rh7 65. Kc4 Rh1 66. Rg7+ Kd8 67. Kd3 Rh4 68. Ra7 Kc8 69. Rf7 Kd8 70. Rg7 Kc8 71. Kc3 Rh1 72. Rf7 Kb8 73. Kd3 Rh4 74. Ke3 Kc8 75. Rf4 Rh1 76. Ke4 Re1+ 77. Kf5 Kd7 78. Kf6 Rd1 79. Re4 Rf1+ 80. Ke5 Rh1 81. Kf5 Rf1+ 82. Rf4 Re1 83. Kf6 Rd1 84. Kf7 Rd2 85. Kg6 Rg2+ 86. Kf5 Rg1 87. Ke5 Re1+ 88. Re4 Rh1 89. Kf5 Rf1+ 90. Kg4 Rh1 91. Kf3 Rf1+ 92. Ke2 Rh1 93. Kd3 Rd1+ 94. Kc2 Rh1 95. Kb3 Ra1 96. Rh4 Rb1+ 97. Kc2 Re1 98. Kd2 Re7 99. Kd3 Re1 1/2-1/2

[Event "EYCC Girls U14 2018"]
[Site "Riga"]
[Date "2018.08.22"]
[Round "3"]
[White "Anghel, Maria"]
[Black "Mkrtchyan, Mariam"]
[Result "0-1"]
[ECO "E21"]
[WhiteElo "1767"]
[BlackElo "1881"]
[Annotator "NA"]
[PlyCount "82"]
[EventDate "2018.08.20"]
[EventType "swiss"]
[EventCountry "LAT"]
[SourceTitle "playchess.com"]
[Source "ChessBase"]
[SourceQuality "1"]
[TimeControl "40/5400+30:1800+30"]

1. d4 Nf6 2. Nf3 e6 3. c4 b6 4. Nc3 Bb7 5. a3 Be7 6. d5 d6 7. e4 e5 8. Bd3 a5 9. O-O O-O {[%emt 0:01:31] LiveBook: 6 Games} 10. Bd2 Na6 11. Qc2 $14 Nd7 12. Rfb1 Ndc5 13. b3 Bc8 14. Re1 f5 15. Be3 Nxd3 16. Qxd3 f4 17. Bd2 g5 18. Rec1 g4 19. Ne1 Qe8 20. g3 Qh5 21. Ne2 Bg5 22. gxf4 exf4 23. Ng2 Nc5 24. Qc2 g3 25. fxg3 Qxe2 26. gxf4 Bf6 27. e5 dxe5 28. Re1 Qd3 29. Qd1 exf4 30. Nxf4 Qd4+ 31. Kh1 Bf5 32. Rg1+ Kh8 33. Qe2 Be4+ 34. Ng2 Rg8 35. Rad1 Qd3 36. Qf2 Bd4 37. Qh4 Qf3 38. Bg5 Rxg5 39. Qxg5 Rg8 40. Qxg8+ Kxg8 41. Rxd4 Nd3 0-1

[Event "EYCC Girls U14 2018"]
[Site "Riga"]
[Date "2018.08.23"]
[Round "4"]
[White "Mironenko, Galina"]
[Black "Ismayil, Malak"]
[Result "1-0"]
[ECO "A46"]
[WhiteElo "1998"]
[BlackElo "1772"]
[Annotator "NA RC"]
[PlyCount "167"]
[EventDate "2018.08.20"]
[EventType "swiss"]
[EventCountry "LAT"]
[SourceTitle "playchess.com"]
[Source "ChessBase"]
[SourceQuality "1"]
[TimeControl "40/5400+30:1800+30"]

1. d4 Nf6 2. Nf3 e6 3. g3 d5 4. Bg2 c5 5. b3 {[%emt 0:06:31] D02: 1 d4 d5 2 Nf3 sidelines, including 2...Nf6 3 g3 and 2...Nf6 3 Bf4} (5. c4 cxd4 6. O-O Be7 7. cxd5 Nxd5 8. Nxd4 O-O 9. e4 Nb4 10. Nc3 N8c6 11. Nxc6 Nxc6 12. Be3 Qa5 13. Qb3 b6 14. Rfd1 Ba6 15. Rd7 Bc5 16. Bxc5 bxc5 17. Qa4 Qb6 18. Rad1 Ne5 19. R7d6 Qxb2 20. Qb3 Qxb3 21. axb3 {½-½ (34) Matlakov,M (2709)-Esipenko,A (2571) Moscow 2018}) 5... Nbd7 6. O-O Bd6 7. Bb2 O-O 8. c4 Qe7 $146 {[%emt 0:13:50] [#]} (8... dxc4 $11 9. Nbd2 cxb3) ({Predecessor:} 8... cxd4 9. cxd5 e5 10. Ng5 Nxd5 11. Nxh7 Kxh7 12. Bxd5 Nb6 13. Bg2 Rb8 14. Nd2 {1-0 (51) Doronine,V (1752)-Chernyaev,V (1686) Kimry 2014}) 9. Nbd2 (9. cxd5 $1 $16 exd5 10. Nc3) 9... Rb8 10. Re1 b5 11. Ne5 Bb7 12. cxd5 exd5 13. Nxd7 Qxd7 14. dxc5 Bxc5 15. Nf3 Ne4 16. e3 f6 17. Qd3 Rfd8 18. Nd4 b4 19. f3 Nd6 $14 20. Qf1 Qf7 21. Bh3 Re8 22. Rac1 Bb6 23. Qd3 Bc8 24. Bg2 a5 25. Rc6 Qf8 26. Nc2 Kh8 27. Bd4 Bxd4 28. Nxd4 Bb7 29. Rc7 Re7 30. Rec1 Rbe8 31. Rxe7 Qxe7 32. Kf2 g6 33. Rc2 Qd7 34. Rc5 Rc8 35. Qc2 Qd8 36. Bh3 f5 37. Ne6 Qf6 38. Nd4 Qe7 39. Qb2 Kg8 40. Rxa5 Rc3 41. Qd2 Qc7 42. Ra4 Qc5 43. Ne2 Bc6 44. Rxb4 Rc2 45. Rb8+ Kf7 46. Qb4 Qxb4 47. Rxb4 Bb5 48. Bf1 Rxa2 49. Rd4 Ke6 50. Ke1 Bxe2 51. Bxe2 Rb2 52. Rb4 Rb1+ 53. Kf2 Rb2 54. h3 h6 55. Rb8 h5 56. b4 Nc4 57. b5 Ne5 58. Ke1 Rb3 59. Kd2 Rb2+ 60. Kd1 Rb3 61. f4 Nd7 62. Rc8 Kf7 63. Rc7 Ke7 64. Kd2 Rb2+ 65. Rc2 Rb3 66. Bd3 Nf6 67. Rc7+ Kf8 68. Rc6 Kg7 69. Kc2 Rb4 70. b6 Ne4 71. Rc7+ Kh6 72. Bxe4 dxe4 73. b7 Rb6 74. h4 Rb4 75. Kc3 Rb6 76. Kd4 Rb5 77. Kc4 Rb1 78. Kd5 Rb6 79. Kc5 Rb3 80. Kd6 g5 81. hxg5+ Kg6 82. Kd7 h4 83. gxh4 Kh5 84. Kc8 1-0

[Event "EYCC Girls U14 2018"]
[Site "Riga"]
[Date "2018.08.23"]
[Round "4"]
[White "Wikar, Martyna"]
[Black "Krasteva, Beloslava"]
[Result "1-0"]
[ECO "B20"]
[WhiteElo "1974"]
[BlackElo "2086"]
[Annotator "NA RC"]
[PlyCount "85"]
[EventDate "2018.08.20"]
[EventType "swiss"]
[EventCountry "LAT"]
[SourceTitle "playchess.com"]
[Source "ChessBase"]
[SourceQuality "1"]
[TimeControl "40/5400+30:1800+30"]

1. e4 c5 2. Ne2 d6 3. g3 Nc6 4. Bg2 g6 {[%emt 0:01:12] B20: Sicilian: Unusual White 2nd moves} 5. c3 e5 (5... Bg7 6. d4 Bg4 7. d5 Ne5 8. f4 Nd7 9. O-O Ngf6 10. h3 Bxe2 11. Qxe2 O-O 12. Nd2 Qc7 13. Kh2 e6 14. dxe6 fxe6 {1-0 (52) Mchedlishvili,M (2601)-Darini,P (2511) Doha 2016}) 6. d4 exd4 7. cxd4 Bg7 8. dxc5 dxc5 9. Qxd8+ Kxd8 $146 ({Predecessor:} 9... Nxd8 $14 10. Nbc3 Ne6 (10... Bd7 11. Nd5 Rc8 12. Nec3 {½-½ (23) Saltaev,M (2477)-Agopov,M (2433) Germany 2016})) 10. Nbc3 Nge7 11. Be3 b6 12. O-O-O+ Ke8 13. Nb5 Kf8 14. Nec3 a6 15. Nc7 Ra7 16. N7d5 Nxd5 17. Nxd5 Nd4 18. Nxb6 Be6 19. Nd5 Rb7 20. Rd2 h5 $16 21. f4 Bxd5 22. exd5 a5 23. Kb1 a4 24. Rd3 Ke8 25. Rc1 Nf5 26. Rc2 c4 27. Ra3 c3 28. Raxc3 Bxc3 29. Rxc3 Nd6 30. Bd4 Rg8 31. Ra3 Kd7 32. Rxa4 Re8 33. Bf3 Rc7 34. a3 Re1+ 35. Ka2 Nc4 36. Bc3 Re3 37. Bd1 Nd6 38. Ra6 Ne4 39. Ba4+ Ke7 40. Bb4+ Kd8 41. Ra8+ Rc8 42. Ba5+ Ke7 43. Rxc8 1-0

[Event "EYCC Girls U14 2018"]
[Site "Riga"]
[Date "2018.08.23"]
[Round "4"]
[White "Bondareva, Daria"]
[Black "Karavitaki, Evaggelia"]
[Result "1-0"]
[ECO "D05"]
[WhiteElo "1922"]
[BlackElo "1727"]
[Annotator "NA RC"]
[PlyCount "41"]
[EventDate "2018.08.20"]
[EventType "swiss"]
[EventCountry "LAT"]
[SourceTitle "playchess.com"]
[Source "ChessBase"]
[SourceQuality "1"]
[TimeControl "40/5400+30:1800+30"]

1. d4 Nf6 2. Nf3 d5 3. e3 e6 4. Bd3 c5 5. b3 Be7 6. O-O O-O 7. Bb2 b6 8. Ne5 Bb7 9. Nd2 Ne4 10. dxc5 Nxd2 11. Qxd2 bxc5 12. Qe2 f5 13. f4 Nd7 14. g4 Qe8 $16 (14... Nxe5 $15 15. Bxe5 Bd6) 15. Bb5 Bc8 16. gxf5 exf5 17. Qg2 Bf6 18. Qxd5+ Kh8 19. Qxa8 Bxe5 20. Bxe5 Qg6+ 21. Qg2 1-0

[Event "EYCC Girls U14 2018"]
[Site "Riga"]
[Date "2018.08.23"]
[Round "4"]
[White "Mkrtchyan, Mariam"]
[Black "Allahverdiyeva, Ayan"]
[Result "1/2-1/2"]
[ECO "E15"]
[WhiteElo "1881"]
[BlackElo "2046"]
[Annotator "NA RC"]
[PlyCount "148"]
[EventDate "2018.08.20"]
[EventType "swiss"]
[EventCountry "LAT"]
[SourceTitle "playchess.com"]
[Source "ChessBase"]
[SourceQuality "1"]
[TimeControl "40/5400+30:1800+30"]

1. d4 e6 2. Nf3 Nf6 3. c4 b6 4. g3 Ba6 5. b3 Bb4+ 6. Bd2 Be7 7. Bg2 d5 8. cxd5 exd5 9. O-O O-O 10. Nc3 Bb7 11. Rc1 Nc6 12. Bf4 a6 13. Ne5 Na7 14. Na4 Bd6 15. Bg5 Re8 $16 (15... Be7 $14) 16. Ng4 Qd7 17. Nxf6+ gxf6 18. Bh6 Qg4 19. Nc3 Qh5 20. Qd2 Rad8 21. Bf3 Qf5 22. g4 Qe6 23. Nd1 Nc8 24. Ne3 Ne7 25. Kh1 Kh8 26. Qd3 Ng8 27. Nf5 Nxh6 28. Nxh6 Bf4 29. Nf5 Bxc1 30. Rxc1 Rc8 31. b4 Bc6 32. Ne3 Bb7 33. Nf5 c6 34. Qd2 Rg8 35. Qf4 Ba8 36. Rc3 Rce8 37. Qc7 Qc8 38. Qxb6 Qb8 39. Qc5 Re6 40. a3 Qb5 41. Rc2 Qb8 42. e3 h5 43. h3 Rg5 44. Rc1 Qg8 45. Rg1 Qh7 46. Qf8+ Rg8 47. Qh6 Qxh6 48. Nxh6 Rg6 49. Nf5 Rg5 50. Kg2 Bb7 51. Rc1 Bc8 52. Kg3 Bd7 53. Kf4 Re8 54. Nd6 Rf8 55. Rc5 hxg4 56. hxg4 Kg8 57. Ra5 Ra8 58. Nb7 Kf8 59. Nc5 Ke7 60. Be2 Rgg8 61. a4 Rgb8 62. Nxa6 Rxb4 63. Nxb4 Rxa5 64. Bd1 Kd6 65. Nd3 Bc8 66. g5 fxg5+ 67. Kxg5 Ra7 68. Kf6 Bd7 69. Nc5 Be6 70. a5 Bc8 71. Nb3 Ba6 72. Nc5 Bc8 73. Nb3 Ba6 74. Nc5 Bc8 1/2-1/2

[Event "EYCC Girls U14 2018"]
[Site "Riga"]
[Date "2018.08.23"]
[Round "4"]
[White "Kuhar, Larisa"]
[Black "Kirchei, Viktoriia"]
[Result "1-0"]
[ECO "B18"]
[WhiteElo "1877"]
[BlackElo "1987"]
[Annotator "NA RC"]
[PlyCount "115"]
[EventDate "2018.08.20"]
[EventType "swiss"]
[EventCountry "LAT"]
[SourceTitle "playchess.com"]
[Source "ChessBase"]
[SourceQuality "1"]
[TimeControl "40/5400+30:1800+30"]

1. e4 c6 2. d4 d5 3. Nc3 dxe4 4. Nxe4 Bf5 5. Ng3 Bg6 6. Bc4 e6 7. N1e2 Nf6 8. Nf4 Bd6 9. c3 Qc7 10. Qf3 O-O 11. Nxg6 hxg6 12. Bg5 Nbd7 13. Bb3 Rae8 14. O-O Qa5 15. Be3 e5 16. Ne4 $14 Bb8 17. Nd2 e4 18. Qd1 Qc7 19. g3 c5 20. f3 exf3 21. Qxf3 cxd4 22. cxd4 Nb6 23. Bg5 Nh7 24. Be3 Kh8 25. Rae1 a5 26. a4 Qd7 27. Qd1 Qh3 28. Nf3 Bxg3 29. hxg3 Qxg3+ 30. Kh1 Qh3+ 31. Kg1 Re4 32. Kf2 Rg4 33. Rg1 Nf6 34. Rxg4 Nxg4+ 35. Ke2 Qg2+ 36. Kd3 Re8 37. Ne5 Nxe5+ 38. dxe5 Rd8+ 39. Bd4 Qxb2 40. Ke4 Qg2+ 41. Kd3 Qh3+ 42. Kc2 Qf5+ 43. Kb2 Qf4 44. Kc3 Nd5+ 45. Bxd5 Rxd5 46. Qd3 Qh4 47. Qe4 Qd8 48. e6 Qc8+ 49. Kd3 fxe6 50. Qxg6 Qd7 51. Rh1+ Kg8 52. Qh7+ Kf8 53. Rf1+ Ke7 54. Qxg7+ Kd8 55. Rf7 Qe8 56. Rf8 e5 57. Rxe8+ Kxe8 58. Qg8+ 1-0

[Event "EYCC Girls U14 2018"]
[Site "Riga"]
[Date "2018.08.23"]
[Round "4"]
[White "Sleurs, Juliette"]
[Black "Dylag, Emilia"]
[Result "0-1"]
[ECO "B51"]
[WhiteElo "1870"]
[BlackElo "2095"]
[Annotator "NA RC"]
[PlyCount "44"]
[EventDate "2018.08.20"]
[EventType "swiss"]
[EventCountry "LAT"]
[SourceTitle "playchess.com"]
[Source "ChessBase"]
[SourceQuality "1"]
[TimeControl "40/5400+30:1800+30"]

1. e4 c5 2. Nf3 d6 3. Bb5+ Nd7 4. d4 cxd4 5. Qxd4 e5 6. Qd3 Be7 7. c4 Ngf6 8. Bg5 O-O 9. Bxd7 Nxd7 10. Bxe7 Qxe7 11. Nc3 Nc5 12. Qe2 $11 f5 13. Rd1 fxe4 14. Nxe4 Bg4 15. Nxd6 Rad8 16. Rd5 Rxd6 17. Rxc5 e4 18. h3 Re6 19. Rc7 Qf6 20. Ng5 Bxe2 21. Nxe6 Qxe6 22. Kxe2 Qb6 0-1

[Event "EYCC Girls U14 2018"]
[Site "Riga"]
[Date "2018.08.23"]
[Round "4"]
[White "Tsotsonava, Elene"]
[Black "Marcinczyk, Monika"]
[Result "1-0"]
[ECO "B38"]
[WhiteElo "1701"]
[BlackElo "1885"]
[Annotator "NA RC"]
[PlyCount "75"]
[EventDate "2018.08.20"]
[EventType "swiss"]
[EventCountry "LAT"]
[SourceTitle "playchess.com"]
[Source "ChessBase"]
[SourceQuality "1"]
[TimeControl "40/5400+30:1800+30"]

1. e4 c5 2. Nf3 Nc6 3. d4 cxd4 4. Nxd4 g6 5. c4 Bg7 6. Be3 Nf6 7. Nc3 O-O 8. Be2 d6 9. O-O Nxd4 10. Bxd4 Bd7 11. Rc1 Bc6 12. f3 a5 13. b3 Nd7 14. Be3 Nc5 15. Qd2 Be5 {[%emt 0:03:18] B38: Sicilian: Maroczy Bind with 5...Bg7 and 7...0-0} (15... Qb6 16. Rc2 Rfc8 17. Rfc1 Qd8 18. Bf1 h5 19. Rd1 Kh7 20. Nd5 e6 21. Nf4 Be5 22. Nh3 Kg8 23. Ng5 b6 {½-½ (44) Landa,K (2607)-Reinderman,D (2573) Netherlands 2017}) 16. Rfd1 e6 17. Bf1 Qh4 18. g3 Qe7 19. Bg2 $146 ({Predecessor:} 19. Qc2 f5 20. Bg2 fxe4 21. Nxe4 Nxe4 22. fxe4 Rfc8 23. Qe2 {½-½ (34) Cech,D (2151)-Jablonicky,M (2360) Banska Stiavnica 2018}) 19... Rfd8 20. Qf2 Rd7 21. Nb5 Bxb5 $14 22. cxb5 Bg7 23. f4 Bf8 24. Bf3 Rc8 25. Rc2 Qd8 26. Rdc1 Rdc7 27. Qe2 Nd7 28. Rc4 Nc5 29. Qd2 b6 30. Kg2 Qd7 31. b4 Nxe4 32. Rxc7 Nxd2 33. Rxd7 Rxc1 34. bxa5 bxa5 35. b6 Rc2 36. b7 Nxf3+ 37. Kxf3 Rb2 38. Ba7 1-0

[Event "EYCC Girls U14 2018"]
[Site "Riga"]
[Date "2018.08.24"]
[Round "5"]
[White "Dylag, Emilia"]
[Black "Bondareva, Daria"]
[Result "1/2-1/2"]
[ECO "E16"]
[WhiteElo "2095"]
[BlackElo "1922"]
[Annotator "NA"]
[PlyCount "58"]
[EventDate "2018.08.20"]
[EventType "swiss"]
[EventCountry "LAT"]
[SourceTitle "playchess.com"]
[Source "ChessBase"]
[SourceQuality "1"]
[TimeControl "40/5400+30:1800+30"]

1. d4 Nf6 2. Nf3 e6 3. c4 b6 4. g3 Bb7 5. Bg2 Bb4+ 6. Bd2 a5 7. O-O O-O 8. Bf4 Be7 9. Nc3 Ne4 {[%emt 0:03:50] LiveBook: 149 Games} 10. Nxe4 Bxe4 11. Rc1 d6 12. Qb3 Nd7 13. Rfd1 Rc8 14. Qe3 $11 Ba8 15. c5 Nf6 16. Qa3 Qd7 17. Bg5 h6 18. Bxf6 Bxf6 19. c6 Bxc6 20. Ne5 dxe5 21. Bxc6 Qd6 22. Qxd6 cxd6 23. d5 exd5 24. Bxd5 Rc5 25. Rxc5 bxc5 26. Bc4 Be7 27. e4 Rb8 28. b3 Kf8 29. a4 Rb6 1/2-1/2

[Event "EYCC Girls U14 2018"]
[Site "Riga"]
[Date "2018.08.24"]
[Round "5"]
[White "Loskutova, Viktoriya"]
[Black "Nur Mukhametova, Alisa"]
[Result "1/2-1/2"]
[ECO "B83"]
[WhiteElo "2088"]
[BlackElo "1856"]
[Annotator "NA"]
[PlyCount "63"]
[EventDate "2018.08.20"]
[EventType "swiss"]
[EventCountry "LAT"]
[SourceTitle "playchess.com"]
[Source "ChessBase"]
[SourceQuality "1"]
[TimeControl "40/5400+30:1800+30"]

1. e4 c5 2. Nf3 e6 3. d4 cxd4 4. Nxd4 Nf6 {[%emt 0:00:59] LiveBook: 12446 Partien} 5. Nc3 d6 6. Be2 Be7 7. O-O O-O 8. Be3 a6 9. f4 Qc7 10. Kh1 Nc6 11. Qe1 Re8 12. a3 Nxd4 13. Bxd4 e5 14. fxe5 dxe5 15. Qg3 $11 Bd8 16. Be3 Kh8 17. Rad1 Be6 18. Bg5 h6 19. Bxf6 Bxf6 20. Bg4 Bg5 21. Bxe6 fxe6 22. Rd3 Rf8 23. Rdf3 Rxf3 24. Rxf3 Rd8 25. Rd3 Rf8 26. Qe1 Qb6 27. Nd1 Qc6 28. Nc3 Qb6 29. Nd1 Qc6 30. Nc3 Qb6 31. Nd1 Qc6 32. Nc3 1/2-1/2

[Event "EYCC Girls U14 2018"]
[Site "Riga"]
[Date "2018.08.24"]
[Round "5"]
[White "Krasteva, Beloslava"]
[Black "Lomaia, Diana"]
[Result "0-1"]
[ECO "E92"]
[WhiteElo "2086"]
[BlackElo "1851"]
[Annotator "NA"]
[PlyCount "98"]
[EventDate "2018.08.20"]
[EventType "swiss"]
[EventCountry "LAT"]
[SourceTitle "playchess.com"]
[Source "ChessBase"]
[SourceQuality "1"]
[TimeControl "40/5400+30:1800+30"]

1. d4 Nf6 2. c4 g6 3. Nc3 Bg7 4. e4 d6 5. Nf3 O-O 6. Be2 e5 7. d5 a5 8. Bg5 h6 9. Bh4 Qe8 10. Nd2 Na6 11. O-O Nh7 12. Kh1 Bd7 13. a3 f5 {[%emt 0:03:46] E92: King's Indian: Classical: 6 Be2 e5: 7 dxe5, 7 Be3 and Petrosian System without 7...Nbd7} 14. exf5 gxf5 15. Bh5 Qb8 (15... Qc8 16. Be7 Re8 17. Bxe8 Qxe8 18. Bh4 Nc5 19. Qe2 e4 20. f4 Nd3 21. Rab1 {0-1 (56) Gelfand,B (2743)-Bacrot,E (2718) Beijing 2014}) 16. f4 $146 ({Predecessor:} 16. Be7 Rc8 17. g4 Bf6 18. Bxf6 Nxf6 19. gxf5 Nc5 20. Rg1+ Kh7 21. Bg6+ Kh8 22. Qf3 Rf8 23. Qh3 Ng8 24. Rg5 Be8 25. Rag1 Kg7 26. Nce4 Bxg6 27. Rxg6+ Kf7 28. Rg7+ {1-0 (28) Narciso Dublan,M (2482)-Fernandez Torre,I (2164) Linares 2016}) 16... Nf6 17. Bg6 e4 18. Qe2 a4 {[%emt 0:03:05] [#]} 19. Nd1 (19. h3 $1 $16) 19... Nc5 $14 20. Ne3 Qc8 21. Rad1 Ra6 22. Nb1 Nd3 23. Nc3 Rb6 24. Rd2 Kh8 25. h3 Ng8 26. Ned1 Be8 27. Bxe8 Qxe8 28. Nb5 Qf7 29. Qe3 Ra6 30. Ndc3 Raa8 31. g4 fxg4 32. hxg4 Ne5 33. Qxe4 Nxg4 34. Kg1 Rae8 35. Qf3 Ne3 36. Rff2 Nxc4 37. Rde2 Rxe2 38. Qxe2 Nb6 39. Qd3 Qh5 40. Bg3 Qf7 41. Rd2 Nf6 42. Bf2 Nh5 43. Bxb6 cxb6 44. Nxd6 Qxf4 45. Nde4 Qh4 46. Nf2 Nf4 47. Qe3 Qg5+ 48. Kf1 Qg2+ 49. Ke1 Qg1# 0-1

[Event "EYCC Girls U14 2018"]
[Site "Riga"]
[Date "2018.08.24"]
[Round "5"]
[White "Allahverdiyeva, Ayan"]
[Black "Tsotsonava, Elene"]
[Result "1-0"]
[ECO "B33"]
[WhiteElo "2046"]
[BlackElo "1701"]
[Annotator "NA"]
[PlyCount "69"]
[EventDate "2018.08.20"]
[EventType "swiss"]
[EventCountry "LAT"]
[SourceTitle "playchess.com"]
[Source "ChessBase"]
[SourceQuality "1"]
[TimeControl "40/5400+30:1800+30"]

1. e4 c5 2. Nf3 Nc6 3. d4 cxd4 4. Nxd4 Nf6 5. Nc3 e5 6. Ndb5 d6 7. Bg5 a6 8. Na3 b5 9. Bxf6 gxf6 10. Nd5 f5 11. Bxb5 axb5 12. Nxb5 Ra4 13. c4 Rxc4 {[%emt 0:14:33] B33: Sizilianisch (Lasker/Pelikan/Sweschnikow-Variante)} 14. O-O Be6 $146 ({Vorgänger:} 14... Be7 15. Rc1 Rc5 16. Qh5 O-O 17. b4 Nxb4 18. Nxb4 Rxb5 19. Nc6 Qe8 20. Rc3 f6 21. Qxe8 Rxe8 22. Nxe7+ Rxe7 23. Rxc8+ {½-½ (37) Sulskis,S (2555)-Pileckis,E (2403) Kaunas 2008}) 15. Ndc7+ Kd7 16. exf5 Bxf5 17. Qd5 Rf4 18. Qxf7+ Qe7 (18... Be7 $11 19. Rfd1 Qg8 20. Rxd6+ Kc8 21. Qxg8+ Rxg8 22. Rxc6 Rxg2+ 23. Kxg2 Be4+ 24. Kf1 Bxc6) 19. Qb3 Rb4 20. Qa3 $11 Rg8 21. g3 Qh4 22. Rac1 Be4 23. Rfe1 Be7 24. Qc3 Bd8 25. Nxd6 Kxd6 26. Qc5+ Kxc7 27. Qxb4 Bf3 28. Qb3 e4 29. Qe6 e3 30. Rxe3 Qg4 31. Qf7+ Kb8 32. Rb3+ Nb4 33. Rc4 Qg6 34. Rcxb4+ Kc8 35. Rb8# 1-0